[Event "ICCopen2016"]
[Site "Internet Chess Club"]
[Date "2016.06.04"]
[Round "2"]
[White "ROWLAND"]
[Black "geemurfi"]
[Result "0-1"]
[ICCResult "White resigns"]
[WhiteElo "1562"]
[BlackElo "1891"]
[Opening "Sicilian, Chekhover variation"]
[ECO "B53"]
[NIC "SI.02"]
[Time "14:12:58"]
[TimeControl "180+0"]

1. e4 c5 2. Nf3 d6 3. d4 cxd4 4. Qxd4 Bg4 5. Be2 e6 6. O-O Nc6 7. Bb5 Bxf3
8. gxf3 Nf6 9. Bg5 Be7 10. Nc3 O-O 11. Rad1 Nxd4 {White resigns} 0-1

[Event "ICCopen2016"]
[Site "Internet Chess Club"]
[Date "2016.06.04"]
[Round "2"]
[White "GolfPro"]
[Black "psychopat2016"]
[Result "1-0"]
[ICCResult "Black resigns"]
[WhiteElo "1783"]
[BlackElo "1336"]
[Opening "King's Indian defense, 3.Nc3"]
[ECO "E90"]
[NIC "KI.21"]
[Time "14:11:54"]
[TimeControl "180+0"]

1. d4 Nf6 2. c4 g6 3. Nc3 Bg7 4. Nf3 O-O 5. e4 d6 6. Bd3 c5 7. Bc2 cxd4 8.
Nxd4 Nc6 9. Nxc6 bxc6 10. O-O Be6 11. Qe2 d5 12. cxd5 cxd5 13. exd5 Nxd5 14.
Nxd5 Qxd5 15. Rd1 Qg5 16. Bxg5 Bxb2 17. Rab1 {Black resigns} 1-0

[Event "ICCopen2016"]
[Site "Internet Chess Club"]
[Date "2016.06.04"]
[Round "2"]
[White "bullbuffalo"]
[Black "BigCol"]
[Result "0-1"]
[ICCResult "White resigns"]
[WhiteElo "1323"]
[BlackElo "1756"]
[Opening "Polish (Sokolsky) opening"]
[ECO "A00"]
[NIC "VO.10"]
[Time "14:12:21"]
[TimeControl "180+0"]

1. b4 f5 2. Bb2 Nf6 3. c4 e6 4. a3 d5 5. e3 c6 6. c5 b6 7. Qc2 bxc5 8. bxc5
Be7 9. Be2 Ba6 10. Nc3 Bxe2 11. Ncxe2 O-O 12. Nf3 Na6 13. Ng5 Qd7 14. g4
Nxc5 15. gxf5 exf5 16. f4 Nfe4 17. Nd4 Rab8 18. Nxe4 fxe4 19. Ne2 Rxb2 20.
Qxb2 Nd3+ 21. Kf1 Nxb2 22. Rb1 Nd3 23. Nd4 Qh3+ 24. Kg1 Qg4+ {White resigns}
0-1

[Event "ICCopen2016"]
[Site "Internet Chess Club"]
[Date "2016.06.04"]
[Round "2"]
[White "chessrex"]
[Black "isurox"]
[Result "1-0"]
[ICCResult "Black checkmated"]
[WhiteElo "1925"]
[BlackElo "1589"]
[Opening "Blackmar-Diemer gambit"]
[ECO "D00"]
[NIC "QP.07"]
[Time "14:13:30"]
[TimeControl "180+0"]

1. d4 Nf6 2. Nc3 d5 3. e4 dxe4 4. f3 exf3 5. Nxf3 c6 6. Bc4 e6 7. O-O Be7 8.
Bg5 O-O 9. Bd3 h6 10. Bd2 Nbd7 11. Qc1 c5 12. Bxh6 gxh6 13. Qxh6 Re8 14. Ng5
Bf8 15. Bh7+ Kh8 16. Nxf7# {Black checkmated} 1-0

[Event "ICCopen2016"]
[Site "Internet Chess Club"]
[Date "2016.06.04"]
[Round "2"]
[White "Heinichess"]
[Black "danvenez"]
[Result "1-0"]
[ICCResult "Black checkmated"]
[WhiteElo "1841"]
[BlackElo "1490"]
[Opening "Latvian counter-gambit"]
[ECO "C40"]
[NIC "KP.09"]
[Time "14:12:19"]
[TimeControl "180+0"]

1. e4 e5 2. Nf3 f5 3. Nxe5 Qf6 4. Nc4 fxe4 5. Nc3 Qg6 6. d3 Bb4 7. Bd2 Bxc3
8. Bxc3 d5 9. Ne5 Qe6 10. dxe4 dxe4 11. Bc4 Qd6 12. Qh5+ g6 13. Bf7+ Kf8 14.
Nxg6+ Qxg6 15. Bxg6 Nf6 16. Bxf6 hxg6 17. Qxh8+ Kf7 18. Qg7+ Ke6 19. Qe7+
Kf5 20. Qe5+ Kg4 21. h3# {Black checkmated} 1-0

[Event "ICCopen2016"]
[Site "Internet Chess Club"]
[Date "2016.06.04"]
[Round "2"]
[White "xavielhumilde"]
[Black "nikenwidiartto"]
[Result "1-0"]
[ICCResult "Black checkmated"]
[WhiteElo "1610"]
[BlackElo "1846"]
[Opening "Scandinavian defense"]
[ECO "B01"]
[NIC "SD.03"]
[Time "14:12:43"]
[TimeControl "180+0"]

1. e4 d5 2. exd5 Nf6 3. Nf3 Qxd5 4. Nc3 Qa5 5. d4 c6 6. Bc4 Bg4 7. Bd2 Qc7
8. h3 Bh5 9. g4 Bg6 10. Qe2 Nbd7 11. O-O-O e6 12. Ne5 Nxe5 13. dxe5 Nd5 14.
Nxd5 cxd5 15. Bb5+ Kd8 16. c3 Rc8 17. f4 Qxc3+ 18. Bxc3 Rxc3+ 19. bxc3 Ba3+
20. Kd2 Ke7 21. h4 h5 22. f5 exf5 23. g5 Rc8 24. Ke3 Rxc3+ 25. Kf4 f6 26.
exf6+ Kf7 27. Qe8# {Black checkmated} 1-0

[Event "ICCopen2016"]
[Site "Internet Chess Club"]
[Date "2016.06.04"]
[Round "2"]
[White "gmgattass"]
[Black "Volkov"]
[Result "1-0"]
[ICCResult "Black checkmated"]
[WhiteElo "2228"]
[BlackElo "2863"]
[Opening "QGD Slav: 4.Nc3"]
[ECO "D15"]
[NIC "SL.03"]
[Time "14:13:19"]
[TimeControl "180+0"]

1. Nf3 d5 2. d4 Nf6 3. c4 c6 4. Nc3 a6 5. cxd5 cxd5 6. e3 Nc6 7. Ne5 e6 8.
f4 Bd6 9. Bd3 O-O 10. O-O Na5 11. g4 b5 12. g5 Nd7 13. Bxh7+ Kxh7 14. Qh5+
Kg8 15. Rf3 Bxe5 16. Rh3 f5 17. g6 Nf6 18. Qh8# {Black checkmated} 1-0

[Event "ICCopen2016"]
[Site "Internet Chess Club"]
[Date "2016.06.04"]
[Round "2"]
[White "Dare-Dare"]
[Black "Mormegil"]
[Result "1-0"]
[ICCResult "Black resigns"]
[WhiteElo "1896"]
[BlackElo "1568"]
[Opening "Caro-Kann: exchange variation"]
[ECO "B13"]
[NIC "CK.02"]
[Time "14:12:46"]
[TimeControl "180+0"]

1. e4 c6 2. d4 d5 3. exd5 cxd5 4. Bd3 Nf6 5. h3 g6 6. Nf3 Bg7 7. O-O O-O 8.
c3 Nc6 9. Bf4 a6 10. Re1 b5 11. Ne5 Bb7 12. Nxc6 Bxc6 13. Nd2 Qa5 14. Rxe7
b4 15. Nb3 Qd8 16. Re2 bxc3 17. bxc3 a5 18. Nc5 Nd7 19. Nxd7 Qxd7 20. Be5
Rac8 21. Bxg7 Kxg7 22. Qd2 Bb5 23. Re5 Bc4 24. Rae1 Qa4 25. Bxc4 dxc4 26. h4
Rb8 27. h5 Qa3 28. h6+ Kg8 29. Qf4 f6 30. Re7 Rf7 31. Qxb8+ {Black resigns}
1-0

[Event "ICCopen2016"]
[Site "Internet Chess Club"]
[Date "2016.06.04"]
[Round "2"]
[White "LittleMaster"]
[Black "Johndenver"]
[Result "1-0"]
[ICCResult "Black checkmated"]
[WhiteElo "2342"]
[BlackElo "1677"]
[Opening "Ruy Lopez: old Steinitz defense"]
[ECO "C62"]
[NIC "RL.02"]
[Time "14:12:18"]
[TimeControl "180+0"]

1. e4 e5 2. Nf3 Nc6 3. Bb5 d6 4. d4 Bd7 5. d5 Nb8 6. Bxd7+ Nxd7 7. c4 g6 8.
Nc3 Bg7 9. O-O Ne7 10. Be3 O-O 11. Nd2 h6 12. f4 f5 13. fxe5 Nxe5 14. Rc1 f4
15. Bd4 g5 16. Bxe5 Bxe5 17. Nf3 Bg7 18. Nd4 Qd7 19. Ne6 Rf6 20. e5 dxe5 21.
Ne4 Rxe6 22. Nc5 Qd6 23. Nxe6 e4 24. Nxg7 Kxg7 25. Qd4+ Qf6 26. Qxe4 Ng6 27.
Rfe1 b6 28. b4 Rf8 29. c5 Rf7 30. cxb6 axb6 31. Rc6 Qf5 32. Qxf5 Rxf5 33.
Rxc7+ Kf6 34. Re6# {Black checkmated} 1-0

[Event "ICCopen2016"]
[Site "Internet Chess Club"]
[Date "2016.06.04"]
[Round "2"]
[White "zealous"]
[Black "K4"]
[Result "1-0"]
[ICCResult "Black resigns"]
[WhiteElo "1804"]
[BlackElo "1473"]
[Opening "Queen's pawn game"]
[ECO "A46"]
[NIC "QP.05"]
[Time "14:13:24"]
[TimeControl "180+0"]

1. d4 Nf6 2. Nf3 e6 3. Bf4 d5 4. e3 Nbd7 5. h3 Be7 6. c3 O-O 7. Nbd2 c6 8.
Bd3 c5 9. O-O c4 10. Be2 h6 11. b3 cxb3 12. axb3 Nb6 13. Ne5 Nbd7 14. Qc2
Nxe5 15. Bxe5 Bd6 16. f4 Bd7 17. Bxd6 {Black resigns} 1-0

[Event "ICCopen2016"]
[Site "Internet Chess Club"]
[Date "2016.06.04"]
[Round "2"]
[White "hhex"]
[Black "MorningRunner"]
[Result "0-1"]
[ICCResult "White resigns"]
[WhiteElo "1632"]
[BlackElo "2148"]
[Opening "Catalan: closed, 5.Nf3"]
[ECO "E06"]
[NIC "CA.05"]
[Time "14:13:17"]
[TimeControl "180+0"]

1. d4 e6 2. c4 Nf6 3. g3 d5 4. Bg2 Be7 5. Nf3 O-O 6. O-O dxc4 7. Ne5 Nc6 8.
Nxc6 bxc6 9. Bxc6 Rb8 10. Bg2 Bb7 11. f3 c5 12. e3 cxd4 13. exd4 Qb6 14. Kh1
Rfd8 15. Be3 Qxb2 16. Nd2 c3 17. Nc4 Qb4 18. Ne5 Rbc8 19. Qc2 Nd5 20. Bf2
Ba6 21. Rfb1 Qa5 22. Rb3 Nb4 23. Rxb4 Bxb4 24. Rb1 Ba3 25. f4 Bb2 26. Rd1
Qc7 27. Be4 Bb7 28. Kg1 Bxe4 29. Qxe4 c2 {White resigns} 0-1

[Event "ICCopen2016"]
[Site "Internet Chess Club"]
[Date "2016.06.04"]
[Round "2"]
[White "The7thGuest"]
[Black "Darnoc"]
[Result "0-1"]
[ICCResult "White resigns"]
[WhiteElo "2167"]
[BlackElo "2850"]
[Opening "Queen's pawn game"]
[ECO "D00"]
[NIC "QP.08"]
[Time "14:13:16"]
[TimeControl "180+0"]

1. d4 d5 2. h3 c5 3. g4 cxd4 4. Qxd4 Nc6 5. Qd3 e5 6. Bg2 Be6 7. e4 d4 8. a3
Nge7 9. Nf3 Ng6 10. O-O Be7 11. b4 O-O 12. b5 Na5 13. Rd1 Bc4 14. Qd2 Bxb5
15. Bf1 Bxf1 16. Rxf1 Rc8 17. Ra2 Nc4 18. Qe2 Qb6 19. Nbd2 Qe6 20. Nxc4 Qxc4
21. Qxc4 Rxc4 22. Bd2 Rfc8 23. Rc1 d3 24. c3 Rxe4 25. Re1 Rxe1+ 26. Nxe1 e4
27. f3 Bc5+ 28. Kg2 e3 29. Nxd3 exd2 30. Rxd2 Rd8 31. Rd1 Rxd3 {White
resigns} 0-1

[Event "ICCopen2016"]
[Site "Internet Chess Club"]
[Date "2016.06.04"]
[Round "2"]
[White "oriGinal"]
[Black "QuieroAprender"]
[Result "0-1"]
[ICCResult "White checkmated"]
[WhiteElo "1754"]
[BlackElo "1378"]
[Opening "Trompowsky attack (Ruth, Opocenský opening)"]
[ECO "A45"]
[NIC "QP.07"]
[Time "14:12:10"]
[TimeControl "180+0"]

1. d4 Nf6 2. Bg5 d6 3. Nf3 e6 4. e3 c6 5. Bd3 Be7 6. c3 h6 7. Bh4 g5 8. Bg3
d5 9. Be5 b5 10. O-O Nbd7 11. Bg3 Qb6 12. Ne5 Nxe5 13. Bxe5 O-O 14. f4 Nd7
15. fxg5 Nxe5 16. dxe5 Bxg5 17. Qh5 Qxe3+ 18. Kh1 Qxd3 19. Na3 Qg6 20. Qg4
f5 21. exf6 Rxf6 22. h4 Be3 23. Qe2 Bf4 24. Nc2 Qg3 25. Kg1 Qh2+ 26. Kf2
Qg3+ 27. Kg1 Qh2+ 28. Kf2 Qxh4+ 29. Kg1 Bh2+ 30. Kh1 Bg3+ 31. Kg1 Qh2#
{White checkmated}
0-1

[Event "ICCopen2016"]
[Site "Internet Chess Club"]
[Date "2016.06.04"]
[Round "2"]
[White "waynerooney"]
[Black "Mandragora"]
[Result "1-0"]
[ICCResult "Black resigns"]
[WhiteElo "1915"]
[BlackElo "1581"]
[Opening "Sicilian: closed"]
[ECO "B23"]
[NIC "SI.44"]
[Time "14:11:58"]
[TimeControl "180+0"]

1. e4 c5 2. Nc3 d6 3. f4 Nc6 4. Nf3 Bg4 5. Bb5 a6 6. Bxc6+ bxc6 7. O-O c4 8.
Qe1 Nf6 9. h3 Bxf3 10. Rxf3 Qb6+ 11. Kh1 g6 12. e5 dxe5 13. fxe5 Nd5 14. Qf1
f5 15. exf6 Nxf6 16. Qxc4 Rd8 17. d3 Rd4 18. Qe6 Qc7 19. Rxf6 Rd6 20. Qf7+
Kd8 21. Rxd6+ Qxd6 22. Bf4 Qd4 23. Re1 Qf2 24. Bc7+ Kxc7 25. Qxf2
{Black resigns}
1-0

[Event "ICCopen2016"]
[Site "Internet Chess Club"]
[Date "2016.06.04"]
[Round "2"]
[White "alexandros"]
[Black "akibael"]
[Result "0-1"]
[ICCResult "White resigns"]
[WhiteElo "1631"]
[BlackElo "2267"]
[Opening "Blackmar-Diemer gambit"]
[ECO "D00"]
[NIC "QP.07"]
[Time "14:12:28"]
[TimeControl "180+0"]

1. d4 Nf6 2. Nc3 d5 3. e4 dxe4 4. f3 exf3 5. Nxf3 Bg4 6. h3 Bxf3 7. Qxf3 c6
8. g4 e6 9. Bd3 Bd6 10. g5 Nd5 11. O-O O-O 12. Ne4 f5 13. Nxd6 Qxd6 14. a3
Nd7 15. c4 Ne7 16. Bf4 Qxd4+ 17. Kh1 Ng6 18. Bh2 Nde5 19. Bxe5 Nxe5 20. Qf4
Qxf4 21. Rxf4 Nxd3 22. Rd4 Ne5 23. Rad1 Rae8 24. Kg2 Rf7 25. b4 Ng6 26. Kf3
e5 27. Rd7 e4+ 28. Ke3 f4+ 29. Kf2 e3+ 30. Kf3 Rxd7 {White resigns} 0-1

[Event "ICCopen2016"]
[Site "Internet Chess Club"]
[Date "2016.06.04"]
[Round "2"]
[White "leonardoalmeida"]
[Black "DaveyJones"]
[Result "1-0"]
[ICCResult "Black resigns"]
[WhiteElo "1845"]
[BlackElo "1495"]
[Opening "English opening"]
[ECO "A21"]
[NIC "EO.22"]
[Time "14:12:27"]
[TimeControl "180+0"]

1. c4 e5 2. Nc3 d6 3. g3 g6 4. Bg2 f5 5. e3 Bg7 6. Nge2 Nf6 7. O-O O-O 8. b3
c6 9. d4 e4 10. d5 c5 11. Bb2 Nbd7 12. Nf4 Ne5 13. h4 Bd7 14. Rc1 a6 15. Ba1
b5 16. Ne6 Bxe6 17. dxe6 Nd3 18. cxb5 Nxc1 19. Qxc1 Qe7 20. bxa6 Rxa6 21.
Rd1 Qxe6 22. Bf1 Raa8 23. Bc4 d5 24. Nxd5 {Black resigns} 1-0

[Event "ICCopen2016"]
[Site "Internet Chess Club"]
[Date "2016.06.04"]
[Round "2"]
[White "mdrasko"]
[Black "AaronArrowood"]
[Result "1-0"]
[ICCResult "Black resigns"]
[WhiteElo "2458"]
[BlackElo "1818"]
[Opening "Nimzo-Indian: classical, 4...c5"]
[ECO "E38"]
[NIC "NI.22"]
[Time "14:12:10"]
[TimeControl "180+0"]

1. d4 Nf6 2. c4 e6 3. Nc3 Bb4 4. Qc2 c5 5. dxc5 Bxc5 6. Nf3 d5 7. Bg5 d4 8.
O-O-O Nc6 9. Ne4 Be7 10. Bxf6 Bxf6 11. e3 Qa5 12. Nxf6+ gxf6 13. Kb1 dxe3
14. fxe3 O-O 15. a3 f5 16. Nd4 Ne5 17. Be2 b6 18. Rhg1 Bb7 19. Ka1 Be4 20.
Qd2 Qxd2 21. Rxd2 Rac8 22. b3 Ng4 23. Bxg4 fxg4 24. Rf1 h5 25. h3 gxh3 26.
gxh3 Kh7 27. Rf4 Bb7 28. Rdf2 Rc7 29. Nxe6 fxe6 30. Rxf8 Rg7 31. R2f7 Bg2
32. h4 Bh3 33. Rxg7+ Kxg7 34. Ra8 a5 35. Rb8 {Black resigns} 1-0

[Event "ICCopen2016"]
[Site "Internet Chess Club"]
[Date "2016.06.04"]
[Round "2"]
[White "GrandUnified"]
[Black "pierredams"]
[Result "0-1"]
[ICCResult "White resigns"]
[WhiteElo "1366"]
[BlackElo "1785"]
[Opening "Réti opening"]
[ECO "A04"]
[NIC "QP.11"]
[Time "14:12:35"]
[TimeControl "180+0"]

1. Nf3 c6 2. g3 d5 3. d4 Bf5 4. Bg2 e6 5. O-O Nf6 6. c3 Be7 7. Nbd2 O-O 8.
Re1 Nbd7 9. e4 dxe4 10. Nxe4 Nxe4 11. Bf4 Bg6 12. Nh4 Bxh4 13. Bxe4 Bxe4 14.
Rxe4 Bf6 15. Qe2 Nb6 16. Re1 Nd5 17. Bc1 Rc8 18. a4 Qa5 19. Qc2 c5 20. dxc5
Qxc5 21. Qe2 Qc6 22. h4 a6 {White resigns} 0-1

[Event "ICCopen2016"]
[Site "Internet Chess Club"]
[Date "2016.06.04"]
[Round "2"]
[White "SPARNALIQ"]
[Black "Art"]
[Result "1-0"]
[ICCResult "Black checkmated"]
[WhiteElo "2861"]
[BlackElo "2171"]
[Opening "Polish (Sokolsky) opening"]
[ECO "A00"]
[NIC "VO.10"]
[Time "14:13:10"]
[TimeControl "180+0"]

1. b4 e5 2. a3 Nf6 3. Bb2 Bd6 4. Nf3 e4 5. Nd4 O-O 6. e3 Re8 7. d3 Be5 8.
Nd2 d5 9. dxe4 Nxe4 10. Bd3 Nxd2 11. Qxd2 Nd7 12. O-O c6 13. Rad1 Nf6 14. c4
Bg4 15. f3 Bh5 16. Nf5 Bxb2 17. Qxb2 Bg6 18. cxd5 Nxd5 19. Qxg7#
{Black checkmated}
1-0

[Event "ICCopen2016"]
[Site "Internet Chess Club"]
[Date "2016.06.04"]
[Round "2"]
[White "BlitzorDDD"]
[Black "goran-esyu"]
[Result "1-0"]
[ICCResult "Black resigns"]
[WhiteElo "2985"]
[BlackElo "2280"]
[Opening "English: Caro-Kann defensive system"]
[ECO "A11"]
[NIC "RE.03"]
[Time "14:13:35"]
[TimeControl "180+0"]

1. c4 c6 2. Nf3 d5 3. g3 Nf6 4. Bg2 g6 5. b3 Bg7 6. Bb2 O-O 7. O-O Re8 8. d4
a6 9. Nbd2 b5 10. e3 Bb7 11. Ne5 Nbd7 12. Nd3 Qb6 13. a4 bxc4 14. bxc4 c5
15. dxc5 Nxc5 16. Bd4 Nfd7 17. Nxc5 Nxc5 18. Rb1 Qa7 19. Bxc5 Qxc5 20. Rxb7
e6 21. cxd5 exd5 22. Nb3 Qa3 23. Bxd5 Kh8 24. Rxf7 Rad8 25. Rxg7 Kxg7 26.
Qd4+ Kh6 27. Nc5 a5 28. Ne6 Rxd5 29. Qh4+ Rh5 30. Qf4+ {Black resigns} 1-0

[Event "ICCopen2016"]
[Site "Internet Chess Club"]
[Date "2016.06.04"]
[Round "2"]
[White "JUGGERNOT"]
[Black "chaozz"]
[Result "0-1"]
[ICCResult "White resigns"]
[WhiteElo "1831"]
[BlackElo "3070"]
[Opening "Bird's opening"]
[ECO "A03"]
[NIC "VO.07"]
[Time "14:12:12"]
[TimeControl "180+0"]

1. f4 d5 2. Nf3 Nf6 3. e3 g6 4. Be2 Bg7 5. O-O O-O 6. d3 c5 7. Nc3 Nc6 8.
Qe1 d4 9. exd4 cxd4 10. Ne4 Nd5 11. Bd2 Qc7 12. Qg3 Ncb4 13. Bd1 a5 14. a3
Nc6 15. Nfg5 h6 16. Nh3 Bf5 17. Rc1 Ne3 18. Bxe3 dxe3 19. Kh1 Qb6 20. b3
Rac8 21. c3 Rfd8 22. d4 Bxe4 23. Qxe3 Bf5 24. Nf2 Nxd4 25. cxd4 Bxd4 26. Qd2
Rxc1 27. Qxc1 Bxf2 28. b4 axb4 29. axb4 Be3 30. Qb2 Bxf4 31. Bf3 Rd2 32. Qc3
Qd4 33. Qa3 Bd6 34. Qa8+ Kg7 35. Qxb7 Qe5 36. g3 Rxh2+ {White resigns} 0-1

[Event "ICCopen2016"]
[Site "Internet Chess Club"]
[Date "2016.06.04"]
[Round "2"]
[White "Mythrill"]
[Black "dineshsharma"]
[Result "0-1"]
[ICCResult "White resigns"]
[WhiteElo "955"]
[BlackElo "2418"]
[Opening "French defense"]
[ECO "C00"]
[NIC "FR.01"]
[Time "14:12:23"]
[TimeControl "180+0"]

1. e4 e6 2. Nf3 d5 3. exd5 exd5 4. d4 Nc6 5. Nc3 Bb4 6. Be2 Nge7 7. O-O Bg4
8. h3 Bh5 9. Re1 O-O 10. a3 Ba5 11. b4 Bb6 12. Na4 Bxf3 13. Bxf3 Nxd4 14.
Nxb6 Nxf3+ 15. Qxf3 axb6 16. Bb2 Ng6 17. Rad1 c6 18. Qg3 b5 19. h4 Qxh4 20.
Qxh4 Nxh4 21. Re7 Rab8 22. Rd4 Nf5 23. Re2 Nxd4 24. Bxd4 Rfe8 25. Kf1 Rxe2
26. Kxe2 Ra8 27. Bb2 Re8+ 28. Kf1 Re4 29. f3 Rc4 30. c3 d4 31. cxd4 Rc2
{White resigns}
0-1

[Event "ICCopen2016"]
[Site "Internet Chess Club"]
[Date "2016.06.04"]
[Round "2"]
[White "DARKwizard1"]
[Black "Bozhenka"]
[Result "0-1"]
[ICCResult "White resigns"]
[WhiteElo "2295"]
[BlackElo "2974"]
[Opening "Caro-Kann: Steinitz variation"]
[ECO "B17"]
[NIC "CK.05"]
[Time "14:12:09"]
[TimeControl "180+0"]

1. e4 c6 2. Nc3 d5 3. d4 dxe4 4. Nxe4 Nd7 5. Ng3 Ngf6 6. Nf3 e6 7. Bd3 b6 8.
O-O Bb7 9. Re1 Bd6 10. c3 O-O 11. Qe2 Qc7 12. Be3 c5 13. Rad1 Rad8 14. Bb5
h6 15. a3 Nd5 16. Bc1 Nf4 17. Bxf4 Bxf4 18. Bd3 cxd4 19. Nxd4 Nc5 20. Bc2
Rfe8 21. b4 Nd7 22. Nb5 Qb8 23. Be4 Nf6 24. Bf3 Rc8 25. Rd3 Nd5 26. Qb2 Be5
27. Qb3 a6 28. c4 Nf4 29. Bxb7 Nxd3 30. Bxc8 Nxe1 31. Bxa6 Qa8 32. Kf1 Nxg2
33. Nh5 Nf4 34. Nxf4 Bxf4 {White resigns} 0-1

[Event "ICCopen2016"]
[Site "Internet Chess Club"]
[Date "2016.06.04"]
[Round "2"]
[White "MoonlightWizard"]
[Black "Badigo"]
[Result "1-0"]
[ICCResult "Black resigns"]
[WhiteElo "2931"]
[BlackElo "2209"]
[Opening "French: Winawer, advance variation"]
[ECO "C16"]
[NIC "FR.09"]
[Time "14:12:45"]
[TimeControl "180+0"]

1. e4 e6 2. d4 d5 3. Nc3 Bb4 4. e5 b6 5. Qg4 Bf8 6. f4 Qd7 7. Nf3 h5 8. Qg3
Nh6 9. Qf2 Nf5 10. Bd3 Ba6 11. Bxf5 exf5 12. Bd2 Nc6 13. O-O-O Nd8 14. e6
Nxe6 15. Ne5 Qd6 16. Rhe1 Be7 17. Qf3 c6 18. Kb1 Nxd4 19. Qh3 g6 20. Bc1 Ne6
21. Qf3 O-O 22. Nxc6 Qxc6 23. Nxd5 Qb7 24. b3 Rfd8 25. Bb2 Rxd5 26. Rxd5 Rc8
27. c4 Qc7 28. Qc3 f6 29. Rxe6 Kf7 30. Rxf6+ Ke8 31. Rxg6 {Black resigns}
1-0

[Event "ICCopen2016"]
[Site "Internet Chess Club"]
[Date "2016.06.04"]
[Round "2"]
[White "NoPrep"]
[Black "Maxbet"]
[Result "0-1"]
[ICCResult "White resigns"]
[WhiteElo "2203"]
[BlackElo "2928"]
[Opening "QGD: Ragozin variation"]
[ECO "D38"]
[NIC "NI.27"]
[Time "14:12:40"]
[TimeControl "180+0"]

1. d4 Nf6 2. c4 e6 3. Nf3 d5 4. Nc3 Bb4 5. Bg5 h6 6. Bxf6 Qxf6 7. e3 O-O 8.
Rc1 dxc4 9. Bxc4 c5 10. O-O cxd4 11. Nxd4 Qe7 12. a3 Bd6 13. Qf3 Nd7 14. Ba2
Ne5 15. Qe2 Bd7 16. Ncb5 Bc5 17. b4 Bb6 18. Rfd1 Rac8 19. h3 a6 20. Nc3 Rfd8
21. Ne4 Ba4 22. Re1 Rxc1 23. Rxc1 Bxd4 24. exd4 Bb5 25. Qh5 Nd3 26. Rd1 Rxd4
27. Nc5 Nf4 28. Qg4 Nxh3+ 29. gxh3 Rxg4+ 30. hxg4 Qg5 31. Rd4 h5 32. Kg2
Bc6+ 33. Kg3 Qe5+ {White resigns} 0-1

[Event "ICCopen2016"]
[Site "Internet Chess Club"]
[Date "2016.06.04"]
[Round "2"]
[White "ALexiz"]
[Black "Ajolote"]
[Result "1-0"]
[ICCResult "Black checkmated"]
[WhiteElo "1827"]
[BlackElo "1456"]
[Opening "Catalan opening"]
[ECO "E00"]
[NIC "CA.01"]
[Time "14:11:53"]
[TimeControl "180+0"]

1. d4 Nf6 2. c4 e6 3. g3 Bb4+ 4. Bd2 Bxd2+ 5. Qxd2 d5 6. Qc2 O-O 7. Bg2 Nc6
8. Nf3 Bd7 9. O-O Qe7 10. a3 a6 11. Nbd2 b6 12. e4 dxe4 13. Nxe4 Nxe4 14.
Qxe4 Rad8 15. h4 Qf6 16. Ne5 Nxe5 17. dxe5 Qe7 18. Qe3 Bc8 19. Rfd1 c5 20.
Qf4 Bb7 21. Rd6 Bxg2 22. Kxg2 Qb7+ 23. f3 Rxd6 24. exd6 Rd8 25. Rd1 Kf8 26.
Qe5 Qc6 27. b3 Rd7 28. Kf2 Kg8 29. Ke3 Kf8 30. a4 a5 31. g4 Kg8 32. g5 Kf8
33. h5 Kg8 34. h6 f6 35. Qxe6+ Kf8 36. hxg7+ Kxg7 37. gxf6+ Kh6 38. Rh1+ Kg5
39. Rg1+ Kh4 40. Qg4# {Black checkmated} 1-0

[Event "ICCopen2016"]
[Site "Internet Chess Club"]
[Date "2016.06.04"]
[Round "2"]
[White "Dinamit"]
[Black "searchforbobby1"]
[Result "1-0"]
[ICCResult "Black checkmated"]
[WhiteElo "2694"]
[BlackElo "2077"]
[Opening "Réti opening"]
[ECO "A04"]
[NIC "QP.11"]
[Time "14:12:35"]
[TimeControl "180+0"]

1. Nf3 e6 2. g3 f5 3. Bg2 Nf6 4. O-O d5 5. d3 Bc5 6. Nbd2 O-O 7. Qe1 c6 8.
e4 Kh8 9. e5 Ng8 10. d4 Be7 11. h4 c5 12. c4 Nc6 13. dxc5 Bxc5 14. Nb3 Be7
15. cxd5 exd5 16. Bg5 Be6 17. Rd1 h6 18. Bxe7 Ngxe7 19. Nfd4 Qc8 20. Qe3
Nxd4 21. Nxd4 Qd7 22. Ne2 b6 23. Nf4 Rad8 24. h5 Qc6 25. Rc1 Qd7 26. Rfd1
Rc8 27. Qb3 Rxc1 28. Rxc1 Rc8 29. Rxc8+ Qxc8 30. Qa3 Qd7 31. Qxe7 Qxe7 32.
Ng6+ Kg8 33. Nxe7+ Kf7 34. Nc6 a5 35. Nd4 Bd7 36. a3 Ke7 37. b4 axb4 38.
axb4 Be6 39. f4 Bg8 40. Nxf5+ Kf8 41. Nd4 Ke7 42. g4 Kd7 43. f5 Ke7 44. Kf2
Bf7 45. Ke3 Bg8 46. Kf4 Bf7 47. e6 Be8 48. Ke5 b5 49. Bxd5 Kf8 50. Kd6 Kg8
51. e7+ Kh7 52. Kc7 g5 53. f6 Kh8 54. Kd8 Kh7 55. Kxe8 Kh8 56. f7 Kh7 57.
Be4+ Kg7 58. f8=Q# {Black checkmated} 1-0

[Event "ICCopen2016"]
[Site "Internet Chess Club"]
[Date "2016.06.04"]
[Round "2"]
[White "FlashGordon"]
[Black "Danyuffa"]
[Result "0-1"]
[ICCResult "White forfeits on time"]
[WhiteElo "1422"]
[BlackElo "1860"]
[Opening "Alekhine's defense: Balogh variation"]
[ECO "B03"]
[NIC "AL.09"]
[Time "14:13:01"]
[TimeControl "180+0"]

1. e4 Nf6 2. e5 Nd5 3. d4 d6 4. Bc4 Nb6 5. Bb3 g6 6. Qf3 d5 7. Bf4 Nc6 8. c3
Bf5 9. Ne2 Na5 10. Nd2 Qd7 11. Ng3 Bg4 12. Qe3 h5 13. h3 Be6 14. Nf3 Nac4
15. Qc1 h4 16. Ne2 f6 17. exf6 exf6 18. O-O g5 19. Nxg5 fxg5 20. Bxg5 Be7
{White forfeits on time}
0-1

[Event "ICCopen2016"]
[Site "Internet Chess Club"]
[Date "2016.06.04"]
[Round "2"]
[White "JimboPi"]
[Black "pasha"]
[Result "1/2-1/2"]
[ICCResult "Game drawn by mutual agreement"]
[WhiteElo "1670"]
[BlackElo "2501"]
[Opening "Blackmar-Diemer gambit"]
[ECO "D00"]
[NIC "QP.07"]
[Time "14:13:46"]
[TimeControl "180+0"]

1. d4 Nf6 2. Nc3 d5 3. e4 dxe4 4. f3 exf3 5. Nxf3 Bg4 6. h3 Bxf3 7. Qxf3 c6
8. Be3 e6 9. O-O-O Nbd7 10. Bd3 Be7 11. g4 Nd5 12. Bd2 Nb4 13. Bc4 Nb6 14.
Bb3 a5 15. a3 N4d5 16. Ne4 a4 17. Ba2 Qc7 18. Rhf1 Nf6 19. g5 Nxe4 20. Qxf7+
Kd8 21. Bf4 Bd6 22. Bxd6 Qxf7 23. Rxf7 Nxd6 24. Rxg7 Nd5 25. Re1 Nf5
{Game drawn by mutual agreement}
1/2-1/2

[Event "ICCopen2016"]
[Site "Internet Chess Club"]
[Date "2016.06.04"]
[Round "2"]
[White "YKQ"]
[Black "Imaneverwas"]
[Result "1-0"]
[ICCResult "Black resigns"]
[WhiteElo "2552"]
[BlackElo "1718"]
[Opening "English: symmetrical, three knights system"]
[ECO "A30"]
[NIC "EO.42"]
[Time "14:11:56"]
[TimeControl "180+0"]

1. c4 c5 2. Nf3 Nf6 3. Nc3 d5 4. cxd5 Nxd5 5. e4 Nb4 6. Bc4 Nd3+ 7. Ke2 Nf4+
8. Kf1 Ne6 9. b4 g6 10. bxc5 Bg7 11. Bxe6 Bxe6 12. d4 Bc4+ 13. Kg1 O-O 14.
Be3 Nc6 15. Rc1 Ba6 16. h4 h5 17. d5 Ne5 18. Nxe5 Bxe5 19. f4 Bg7 20. Bd4
Bxd4+ 21. Qxd4 Qa5 22. g4 hxg4 23. h5 g5 24. h6 f6 25. fxg5 Rac8 26. g6 Qxc5
27. Qxc5 Rxc5 28. Kf2 Rfc8 29. Ne2 Rxc1 30. Rxc1 Rxc1 31. Nxc1 b6 32. Kg3
Bc8 33. Kf4 Bd7 34. Ne2 Be8 35. Kf5 Bd7+ 36. Kf4 Be8 37. g7 Bd7 38. Nd4 Kh7
39. Nc6 a5 40. Nxe7 {Black resigns} 1-0